 Dungeon Crawl Stone Soup version 0.28-a0-1159-g27aa881441 (webtiles) character file.

Game seed: 4047837688621916823

115 GenialerGandalf the Shield-Bearer (level 5, 0/42 HPs)
             Began as a Formicid Fighter on Dec 14, 2021.
             Slain by a centaur warrior simulacrum (7 damage)
             ... while petrified by a catoblepas
             ... on level 15 of the Dungeon on Dec 15, 2021.
             The game lasted 00:53:53 (13348 turns).

GenialerGandalf the Shield-Bearer (FoFi)           Turns: 13348, Time: 00:53:55

Health: 0/42       AC:  9    Str: 22    XL:     5   Next: 20%
Magic:  5/5        EV:  2    Int:  8    God:
Gold:   52         SH:  0    Dex: 10    Spells: 4/4 levels left

rFire   . . .      SeeInvis +   a - +0 trident
rCold   . . .      Faith    .   c - +0 buckler
rNeg    + + +      Spirit   .   r - +0 chain mail
rPois   ∞          Reflect  .   (helmet unavailable)
rElec   .          Harm     .   (no cloak)
rCorr   .          Rampage  .   (no gloves)
Will    .....                   (no boots)
Stlth   ..........              d - amulet of regeneration
HPRegen 0.94/turn               (no ring)
MPRegen 0.09/turn               (no ring)

@: petrified
A: permanent stasis, dig shafts and tunnels, antennae 3, four strong arms
a: Dig, Shaft Self


You were on level 15 of the Dungeon.
You visited 1 branch of the dungeon, and saw 11 of its levels.

You collected 52 gold pieces.

Inventory:

Hand Weapons
 a - a +0 trident (weapon)
 h - a +0 club
 i - a +1 vampiric short sword
 j - a +0 whip
 k - a +0 dagger
 l - a +0 short sword
 m - a +0 club
 n - a +0 club
 o - a +0 club
 t - a +0 flail of holy wrath
 v - a +0 dagger
 y - a +0 dagger
 B - a +0 dagger
 C - a +0 dagger
Missiles
 f - 117 stones
 g - 43 bolts
 z - 8 arrows
 A - 22 sling bullets
Armour
 b - a +0 scale mail
 c - a +0 buckler (worn)
 r - a +0 chain mail (worn)
 u - a +0 chain mail
 w - a +0 ring mail
 x - a +0 robe
Jewellery
 d - an amulet of regeneration (around neck)
Wands
 s - a wand of polymorph (2)
 D - a wand of acid (6)
Scrolls
 p - a scroll of enchant armour {unknown}
 q - a scroll of torment {unknown}
Potions
 e - 3 potions of curing {unknown}


   Skills:
 * Level 4.1 Fighting
 * Level 3.0 Polearms
 + Level 4.2 Armour
 + Level 0.3 Stealth
 + Level 4.3 Shields


You had 4 spell levels left.
You didn't know any spells.
Your spell library was empty.

Dungeon Overview and Level Annotations

Branches:
Dungeon (11/15)
 Temple: D:4-7         Lair: D:8-11         Orc: D:9-12

Altars:

Shops:
D:2 [   D:3 (


Innate Abilities, Weirdness & Mutations

You cannot be hasted, slowed, berserked, paralysed or teleported.
You can dig through walls and to a lower floor.
You have a pair of large antennae on your head. (SInv)
Your four strong arms can wield two-handed weapons with a shield.


Message History

You begin to dig a shaft.
You continue digging a shaft.
HP restored.
A shaft appears beneath you!
You fall into a shaft and drop 2 floors!
The shaft crumbles and collapses.
Found a small bone ring and 16 gold pieces.
A catoblepas comes into view.
The catoblepas breathes a plume of calcifying dust at you.
The blast of calcifying dust hits you.
You extend your mandibles.
Are you sure you want to shaft yourself?
You are engulfed in calcifying dust.
You are slowing down.
You begin to dig a shaft.
You continue digging a shaft.
You are engulfed in calcifying dust.
The catoblepas breathes a plume of calcifying dust at you.
The blast of calcifying dust hits you.
The catoblepas breathes a plume of calcifying dust at you.
The blast of calcifying dust hits you.
Your limbs are stiffening.
A shaft appears beneath you!
You fall into a shaft and drop 1 floor!
The shaft crumbles and collapses.
Beware, you cannot shaft yourself on this level.
The centaur warrior shouts!
The frost giant shouts!
You have turned to stone.
Found 65 gold pieces and a glass wand.
The centaur warrior wields a +0 shortbow.
The centaur warrior shoots an arrow.
The arrow hits you!
A centaur warrior comes into view.
The centaur warrior shoots an arrow.
The arrow hits you!!
The frost giant gestures at you while chanting.
The bolt of cold hits you!!
* * * LOW HITPOINT WARNING * * *
The frost giant hits you with a +1 battleaxe of freezing.
The frost giant freezes you.
A centaur warrior comes into view.
The centaur warrior simulacrum hits you.
* * * LOW HITPOINT WARNING * * *
The centaur warrior simulacrum freezes you!
You die...

{ ####
+.. {
#+#Z#
#..@# Z
#c##Cc#
# c..$#
#../# {
$$$#
#### {
{


You could see a frost giant, 3 centaur warriors and a centaur warrior
simulacrum.

Vanquished Creatures
  Terence (D:2)
  2 adders (D:2)
  2 dart slugs
  An orc (D:3)
  2 ball pythons (D:1)
  3 bats
  5 endoplasms
  7 giant cockroaches
  5 goblins
  7 hobgoblins
  6 jackals
  5 kobolds
  4 quokkas
  2 frilled lizards
  11 rats
63 creatures vanquished.

Vanquished Creatures (others)
  2 plants (D:6)
2 creatures vanquished.

Grand Total: 65 creatures vanquished

Notes
Turn   | Place    | Note
-------+----------+-------------------------------------------
     0 | D:1      | GenialerGandalf the Formicid Fighter began the quest for
                  | the Orb.
     0 | D:1      | Reached XP level 1. HP: 18/18 MP: 1/1
   352 | D:1      | Reached XP level 2. HP: 19/24 MP: 2/2
  1421 | D:1      | Reached XP level 3. HP: 28/29 MP: 3/3
  4319 | D:1      | Glimpsed the power of Zot.
  4751 | D:1      | Glimpsed the power of Zot.
  5846 | D:2      | Reached XP level 4. HP: 16/37 MP: 4/4
  8402 | D:2      | Found Fagourph's Antique Armour Shop.
  8690 | D:2      | Noticed Terence
  8702 | D:2      | Killed Terence
  9581 | D:2      | Glimpsed the power of Zot.
  9843 | D:2      | Reached XP level 5. HP: 39/42 MP: 5/5
 10010 | D:2      | Glimpsed the power of Zot.
 10353 | D:2      | Glimpsed the power of Zot.
 11206 | D:3      | Found Xiec Exi's Antique Weapon Emporium.
 12923 | D:3      | Upgraded the game from 0.28-a0-1147-gc7b72d3202 to
                  | 0.28-a0-1159-g27aa881441
 13008 | D:3      | You fall into a shaft and drop 3 floors!
 13127 | D:6      | You fall into a shaft and drop 2 floors!
 13218 | D:8      | You fall into a shaft and drop 1 floor!
 13233 | D:9      | You fall into a shaft and drop 1 floor!
 13233 | D:10     | Entered Level 10 of the Dungeon
 13253 | D:10     | Noticed an orc warrior
 13327 | D:11     | You fall into a shaft and drop 1 floor!
 13332 | D:12     | You fall into a shaft and drop 2 floors!
 13334 | D:14     | Noticed a catoblepas
 13343 | D:14     | You fall into a shaft and drop 1 floor!
 13343 | D:15     | Entered Level 15 of the Dungeon
 13343 | D:15     | Noticed a centaur warrior simulacrum
 13343 | D:15     | Noticed a centaur warrior
 13343 | D:15     | Noticed a frost giant
 13346 | D:15     | Noticed a centaur warrior
 13348 | D:15     | Noticed a centaur warrior
 13348 | D:15     | Slain by a centaur warrior simulacrum

Illustrated notes

Levels and vault maps discovered:
D:1:      dpeg_arrival_leaves_temple_mockup, layout_rooms,
          hangedman_decor_growths, supply_closet_lemuel,
          minmay_worlds_worst_comb
D:2:      layout_rooms, serial_shops, nicolae_shop_hallway_stairs, uniq_terence
D:3:      layout_rooms, nicolae_overflow_ecumenical_swirl, serial_rivers,
          chequers_serial_rivers_room_b, chequers_serial_rivers_marsh,
          chequers_serial_rivers_micro_c, chequers_serial_rivers_micro_a,
          serial_shops, shop_fountains, kennysheep_donut, st_stairs_3
D:6:      layout_basic, minmay_temple_entry_enclosed_plants,
          gammafunk_ghost_gnarly_gnolls
D:8:      layout_loops_cross
D:9:      layout_layer_cave, amethyst_overflow_temple_binary,
          jmf_multi_god_temple, david_orc_3
D:10:     layout_loops_corners, erik_lair_island, uniq_grum
D:11:     layout_loops_ring, special_room [special_room_kobold],
          minmay_statue_crystal_thing
D:12:     layout_cave_pods, serial_bayou_pond_c, nicolae_vehumet_altar_sigil
D:14:     layout_basic, david_vaults_1, hangedman_decor_lopped, uniq_agnes
D:15:     hangedman_slaughterboxes

Skill      XL: |  1  2  3  4  5 |
---------------+----------------+-----
Shields        | 4 |  4.3
Armour         | 4 |  4.2
Polearms       | 3 |  3.0
Fighting       | 4 |  4.1
Stealth        | |  0.3

Action                   |  1- 3 |  4- 6 || total
-------------------------+-------+-------++-------
Melee: Trident           |   123 |    83 ||   206
       Unarmed           |       |     1 ||     1
 Abil: Dig               |   127 |   142 ||   269
       Shaft Self        |       |     7 ||     7
  Use: Scroll            |     1 |       ||     1
       Potion            |       |     1 ||     1
Armor: Scale mail        |   105 |   246 ||   351
       Chain mail        |       |    29 ||    29
Dodge: Dodged            |   102 |   226 ||   328
Block: Buckler           |    55 |   117 ||   172

Table legend: (Time is in decaauts)
 A = Elapsed time spent in this place.
 B = Non-inter-level travel time spent in this place.
 C = Inter-level travel time spent in this place.
 D = Time resting spent in this place.
 E = Time spent auto-exploring this place.
 F = Levels seen in this place.
 G = Mean time per level.
                   A        B        C        D        E       F      G
               +--------+--------+--------+--------+--------+-----+--------+
         Total |  15285 |  15196 |     89 |   1030 |     56 |  11 | 1389.5 |
       Dungeon |  15285 |  15196 |     89 |   1030 |     56 |  11 | 1389.5 |
               +--------+--------+--------+--------+--------+-----+--------+

Top non-repeatable levels by time:
     D:1: 6771 daAuts
     D:2: 5971 daAuts
     D:3: 2164 daAuts
     D:6: 134 daAuts
     D:8: 102 daAuts
    D:10: 71 daAuts
    D:11: 32 daAuts
     D:9: 15 daAuts
    D:14: 11 daAuts
    D:15: 5 daAuts
    D:12: 4 daAuts
